[Event "ICC tourney 2349 (60 10)"]
[Site "Internet Chess Club"]
[Date "2021.01.30"]
[Round "2"]
[White "iamtanmay"]
[Black "HarperW"]
[Result "0-1"]
[ICCResult "White checkmated"]
[WhiteElo "997"]
[BlackElo "1465"]
[Opening "Caro-Kann: Tartakower (Nimzovich) variation"]
[ECO "B15"]
[NIC "CK.06"]
[Time "13:01:38"]
[PlyCount "122"]
[TimeControl "3600+10"]

1. e4 c6 2. d4 d5 3. Nc3 dxe4 4. Nxe4 Nf6 5. Nxf6+ exf6 6. Nf3 Be6 7. Bf4
Bd6 8. Bg3 O-O 9. Bd3 Re8 10. O-O Bxg3 11. fxg3 Bg4 12. c3 Nd7 13. Qc2 Nf8
14. h3 Bh5 15. Nh4 Bg6 16. Nxg6 Nxg6 17. Qb3 Qc7 18. Kh2 Re7 19. Rae1 Rae8
20. Qd1 Rxe1 21. Rxe1 Rxe1 22. Qxe1 Qe7 23. Qxe7 Nxe7 24. b4 Nd5 25. b5
cxb5 26. c4 Nb4 27. Be4 bxc4 28. Bxb7 c3 29. Be4 c2 30. Bxc2 Nxc2 31. d5
Kf8 32. g4 Nb4 33. a3 Nxd5 34. Kg3 Nc3 35. h4 a5 36. g5 fxg5 37. hxg5 a4
38. Kg4 Nb1 39. Kf5 Ke7 40. g4 Nxa3 41. g6 hxg6+ 42. Ke5 Nc4+ 43. Kf4 a3
44. g5 Ne3 45. Kxe3 a2 46. Kf2 a1=Q 47. Kg3 Qc3+ 48. Kf4 Qc1+ 49. Kg4 f5+
50. gxf6+ gxf6 51. Kg3 Qe1+ 52. Kf3 Qe5 53. Kg4 f5+ 54. Kg5 f4+ 55. Kxg6
Qf6+ 56. Kh5 Qg7 57. Kh4 f3 58. Kh5 Qg1 59. Kh6 f2 60. Kh7 Kf7 61. Kh6 Qg6#
{ White checkmated } 0-1

[Event "ICC tourney 2349 (60 10)"]
[Site "Internet Chess Club"]
[Date "2021.01.30"]
[Round "2"]
[White "Jerickjavier18"]
[Black "elliswong"]
[Result "0-1"]
[ICCResult "White checkmated"]
[WhiteElo "1331"]
[BlackElo "1541"]
[Opening "Caro-Kann defense"]
[ECO "B10"]
[NIC "CK.01"]
[Time "13:01:01"]
[PlyCount "90"]
[TimeControl "3600+10"]

1. e4 c6 2. Nf3 d5 3. exd5 cxd5 4. d4 Nc6 5. Nc3 Bg4 6. h3 Bxf3 7. Qxf3
Nxd4 8. Qd3 e5 9. Bd2 Nf6 10. Bg5 Be7 11. Be3 Nc6 12. Bg5 d4 13. Ne4 O-O
14. Qf3 Nxe4 15. Bxe7 Qxe7 16. Qxe4 Qb4+ 17. Kd1 Qxb2 18. Bd3 f5 19. Qd5+
Kh8 20. Kd2 e4 21. Bc4 Qc3+ 22. Ke2 Qxc2+ 23. Kf1 d3 24. Bb3 Qc3 25. Kg1
Qxa1+ 26. Kh2 Qe5+ 27. Qxe5 Nxe5 28. g3 Rad8 29. Kg2 d2 30. h4 Rd3 31. Rd1
Nf3 32. Bc2 Rc3 33. Bb3 Rc1 34. Kf1 Rxd1+ 35. Bxd1 Rc8 36. Ke2 a5 37. Ke3
b5 38. Ke2 b4 39. Ke3 Ra8 40. Ke2 a4 41. Ke3 Rb8 42. Bxa4 b3 43. Bxb3 Rxb3+
44. Ke2 Rd3 45. a4 d1=Q# { White checkmated } 0-1

[Event "ICC tourney 2349 (60 10)"]
[Site "Internet Chess Club"]
[Date "2021.01.30"]
[Round "2"]
[White "ShadowApt"]
[Black "danilattack"]
[Result "1-0"]
[ICCResult "Black resigns"]
[WhiteElo "2090"]
[BlackElo "1785"]
[Opening "Sicilian: closed, 2...Nc6"]
[ECO "B23"]
[NIC "SI.44"]
[Time "13:00:56"]
[PlyCount "35"]
[TimeControl "3600+10"]

1. e4 c5 2. Nc3 Nc6 3. Bb5 Nd4 4. Nf3 Nxb5 5. Nxb5 d6 6. d4 cxd4 7. Qxd4
Bd7 8. Nc3 Nf6 9. O-O g6 10. Bg5 Bg7 11. e5 dxe5 12. Nxe5 Bf5 13. Qa4+ Nd7
14. Nxd7 Qxd7 15. Qb3 e6 16. Rad1 Qc6 17. Qb4 Bf8 18. Qd4 { Black resigns }
1-0

[Event "ICC tourney 2349 (60 10)"]
[Site "Internet Chess Club"]
[Date "2021.01.30"]
[Round "2"]
[White "zsanwal"]
[Black "danh07"]
[Result "0-1"]
[ICCResult "White checkmated"]
[WhiteElo "922"]
[BlackElo "1852"]
[Opening "Sicilian: Pelikan (Lasker/Sveshnikov) variation"]
[ECO "B30"]
[NIC "SI.35"]
[Time "13:00:52"]
[PlyCount "134"]
[TimeControl "3600+10"]

1. e4 c5 2. Nf3 Nc6 3. Nc3 Nf6 4. d4 cxd4 5. Nxd4 e5 6. Nf3 Bb4 7. Bd2 Bxc3
8. Bxc3 Nxe4 9. Nxe5 Nxc3 10. Nxc6 Nxd1 11. Nxd8 Nxb2 12. Rb1 Kxd8 13. Rxb2
b6 14. Bc4 Re8+ 15. Be2 Ba6 16. c3 Rc8 17. Rc2 Bxe2 18. Rxe2 Rxe2+ 19. Kxe2
Rxc3 20. Kd2 Ra3 21. Ra1 Ra5 22. Kc3 d5 23. Rd1 Kc7 24. Kb3 Kd6 25. a3 Rc5
26. Re1 d4 27. Rd1 Kd5 28. Rd3 Rc3+ 29. Rxc3 dxc3 30. Kxc3 g5 31. Kb4 a6
32. Kc3 a5 33. Kb3 b5 34. a4 b4 35. Kb2 Kd4 36. Kc2 f5 37. h3 Ke4 38. Kd2
Kd4 39. Kc2 b3+ 40. Kxb3 Kd3 41. f3 Ke3 42. Kc4 Kf2 43. g4 f4 44. Kb5 Kxf3
45. Kxa5 Kg3 46. Kb6 f3 47. a5 f2 48. a6 f1=Q 49. a7 Qb1+ 50. Ka6 Qa2+ 51.
Kb7 Kxh3 52. a8=Q Qxa8+ 53. Kxa8 Kxg4 54. Kb7 h5 55. Kc6 h4 56. Kd5 h3 57.
Ke4 h2 58. Kd5 h1=Q+ 59. Kd4 Qd1+ 60. Kc5 Kf5 61. Kc4 g4 62. Kc5 g3 63. Kc4
g2 64. Kc5 g1=Q+ 65. Kb5 Qc1 66. Kb4 Qb6+ 67. Ka4 Qa1# { White checkmated }
0-1

[Event "ICC tourney 2349 (60 10)"]
[Site "Internet Chess Club"]
[Date "2021.01.30"]
[Round "2"]
[White "superandrew3"]
[Black "ScorpianFire7"]
[Result "0-1"]
[ICCResult "White checkmated"]
[WhiteElo "1142"]
[BlackElo "1501"]
[Opening "Van't Kruijs opening"]
[ECO "A00"]
[Time "13:00:58"]
[PlyCount "86"]
[TimeControl "3600+10"]

1. e3 d5 2. Nc3 e5 3. d4 e4 4. Be2 Nf6 5. Nh3 Bxh3 6. gxh3 Bd6 7. Bd2 c6 8.
Bg4 h5 9. Be2 Qd7 10. Bf1 Qc7 11. Qe2 Bxh2 12. O-O-O Bd6 13. Rg1 g6 14. f4
exf3 15. Qxf3 Nbd7 16. Bd3 O-O-O 17. e4 dxe4 18. Nxe4 Nxe4 19. Bxe4 f5 20.
Bd3 Rhg8 21. Bc4 Rg7 22. Bh6 Rh7 23. Rxg6 Rxh6 24. Rxh6 Bf4+ 25. Kb1 Bxh6
26. Qxf5 Qf4 27. Qxh5 Nb6 28. Be6+ Kb8 29. a3 Bg7 30. Qc5 Bxd4 31. Qe7 Qc7
32. Qb4 Bf6 33. Rf1 Qe5 34. Qf4 Rd1+ 35. Rxd1 Qxf4 36. Rg1 Kc7 37. Rg8 Qe5
38. c3 Qxe6 39. Rg3 Qe1+ 40. Ka2 Qxg3 41. h4 Qf2 42. h5 Bxc3 43. h6 Qxb2# {
White checkmated } 0-1

[Event "ICC tourney 2349 (60 10)"]
[Site "Internet Chess Club"]
[Date "2021.01.30"]
[Round "2"]
[White "fluffyhead101"]
[Black "ChessTempest"]
[Result "1-0"]
[ICCResult "Black checkmated"]
[WhiteElo "1473"]
[BlackElo "1016"]
[Opening "Nimzovich-Larsen attack: English variation"]
[ECO "A01"]
[NIC "VO.08"]
[Time "13:01:38"]
[PlyCount "81"]
[TimeControl "3600+10"]

1. b3 c5 2. Bb2 Nc6 3. e3 Nf6 4. Bb5 g6 5. Bxf6 exf6 6. c4 Bg7 7. Nc3 O-O
8. Nf3 f5 9. Rc1 a6 10. Bxc6 bxc6 11. O-O d5 12. d3 Be6 13. Na4 Rb8 14.
Nxc5 Qa5 15. Nxe6 fxe6 16. Qe2 Rfe8 17. d4 e5 18. dxe5 Bxe5 19. Nxe5 Rxe5
20. cxd5 cxd5 21. Rfd1 Rd8 22. Qb2 Re7 23. b4 Rb7 24. a3 Qb5 25. Rc5 Qxc5
26. Qf6 Qd6 27. Qh4 Rc8 28. g3 Rbc7 29. e4 Rc1 30. Rxc1 Rxc1+ 31. Kg2 dxe4
32. Qh6 Qd1 33. Kh3 Qg4+ 34. Kg2 Qf3+ 35. Kh3 Qxf2 36. Qxc1 e3 37. Qc8+ Kg7
38. Qd7+ Kh6 39. Qe7 Qf1+ 40. Kh4 e2 41. Qf8# { Black checkmated } 1-0

[Event "ICC tourney 2349 (60 10)"]
[Site "Internet Chess Club"]
[Date "2021.01.30"]
[Round "2"]
[White "agent1337"]
[Black "Baseballchamp"]
[Result "1/2-1/2"]
[ICCResult "Game drawn by mutual agreement"]
[WhiteElo "1670"]
[BlackElo "1925"]
[Opening "QGD semi-Slav"]
[ECO "D43"]
[NIC "SL.03"]
[Time "13:01:07"]
[PlyCount "48"]
[TimeControl "3600+10"]

1. d4 d5 2. c4 c6 3. Nc3 Nf6 4. Nf3 e6 5. Bg5 Be7 6. e3 Nbd7 7. Bd3 O-O 8.
O-O h6 9. Bf4 dxc4 10. Bxc4 b5 11. Bd3 b4 12. Ne4 c5 13. dxc5 Nxc5 14. Nxc5
Bxc5 15. Rc1 Bb6 16. Be2 Bb7 17. Bd6 Re8 18. Bxb4 Nd5 19. Ba3 Qf6 20. Qa4
Rad8 21. Bb5 Nc7 22. Rxc7 Bxc7 23. Bxe8 Bxf3 24. gxf3 Qg5+ { Game drawn by
mutual agreement } 1/2-1/2

[Event "ICC tourney 2349 (60 10)"]
[Site "Internet Chess Club"]
[Date "2021.01.30"]
[Round "2"]
[White "concretesteve1"]
[Black "anan193"]
[Result "1-0"]
[ICCResult "Black checkmated"]
[WhiteElo "1408"]
[BlackElo "1626"]
[Opening "Sicilian: closed"]
[ECO "B24"]
[NIC "SI.44"]
[Time "13:01:15"]
[PlyCount "45"]
[TimeControl "3600+10"]

1. e4 c5 2. Nc3 Nc6 3. g3 g6 4. Bg2 Bg7 5. d3 Nf6 6. f4 d6 7. h3 Qa5 8. Be3
b5 9. e5 Bb7 10. exf6 Bxf6 11. Qd2 b4 12. Nd1 Rb8 13. Ne2 O-O 14. O-O Rfc8
15. f5 Qa4 16. Bg5 Bxg5 17. Qxg5 Qxc2 18. fxg6 hxg6 19. Bd5 Rf8 20. Qxg6+
Kh8 21. Qh6+ Kg8 22. Rf5 a6 23. Rg5# { Black checkmated } 1-0

[Event "ICC tourney 2349 (60 10)"]
[Site "Internet Chess Club"]
[Date "2021.01.30"]
[Round "2"]
[White "Willixm"]
[Black "Zuiopal"]
[Result "0-1"]
[ICCResult "White resigns"]
[WhiteElo "1881"]
[BlackElo "1654"]
[Opening "Caro-Kann: Tartakower (Nimzovich) variation"]
[ECO "B15"]
[NIC "CK.06"]
[Time "13:00:59"]
[PlyCount "80"]
[TimeControl "3600+10"]

1. e4 c6 2. d4 d5 3. Nc3 dxe4 4. Nxe4 Nf6 5. Nxf6+ exf6 6. Nf3 Bd6 7. Bd3
O-O 8. O-O Bg4 9. h3 Bh5 10. Be3 Nd7 11. c4 Re8 12. Qc2 Nf8 13. Nd2 Bg6 14.
Bxg6 Nxg6 15. Nf3 Qd7 16. Rad1 Nf4 17. Bxf4 Bxf4 18. Rfe1 Rad8 19. Re4 Rxe4
20. Qxe4 Bc7 21. Re1 g6 22. Qh4 Kg7 23. Qe4 b6 24. Qe7 a5 25. Re4 Bd6 26.
Qxd7 Rxd7 27. Nd2 Bb4 28. Nb3 a4 29. a3 Be7 30. Nc1 f5 31. Re1 Bf6 32. d5
cxd5 33. Rd1 Bxb2 34. Nd3 Bxa3 35. Ra1 dxc4 36. Rxa3 cxd3 37. Ra1 d2 38.
Rd1 a3 39. Kf1 a2 40. Ke2 b5 { White resigns } 0-1

[Event "ICC tourney 2349 (60 10)"]
[Site "Internet Chess Club"]
[Date "2021.01.30"]
[Round "2"]
[White "sushimonster"]
[Black "SimonMango"]
[Result "1-0"]
[ICCResult "Black checkmated"]
[WhiteElo "1510"]
[BlackElo "1149"]
[Opening "Sicilian: Alapin's variation (2.c3)"]
[ECO "B22"]
[NIC "SI.46"]
[Time "13:01:10"]
[PlyCount "107"]
[TimeControl "3600+10"]

1. e4 c5 2. c3 Nc6 3. d4 cxd4 4. cxd4 g6 5. Nf3 Bg7 6. Nc3 d6 7. h3 Nf6 8.
Bc4 O-O 9. O-O Bd7 10. Nd5 Nxe4 11. Re1 Nf6 12. Bg5 Nxd5 13. Bxd5 Re8 14.
Qb3 Be6 15. Bxe6 fxe6 16. Rxe6 Kh8 17. d5 Ne5 18. Nxe5 Bxe5 19. Re1 Qc7 20.
Rc1 Qd7 21. f4 Bd4+ 22. Kh2 Bg7 23. Rce1 Bf6 24. Bxf6+ exf6 25. Qc3 Rxe6
26. Rxe6 Rf8 27. Qb4 Rd8 28. Rxf6 Qe7 29. Re6 Qf8 30. Qd4+ Kg8 31. Qe4 b6
32. Re7 a5 33. Qe6+ Kh8 34. Rf7 Qh6 35. Qf6+ Kg8 36. Qxd8+ Kxf7 37. Qxd6
Qh4 38. Qe6+ Kf8 39. Qe5 Qf2 40. d6 Qd2 41. a4 Kf7 42. h4 Kf8 43. f5 g5 44.
Qe7+ Kg8 45. Qxg5+ Qxg5 46. hxg5 Kf7 47. Kg3 Ke8 48. Kf4 Kd7 49. g6 hxg6
50. fxg6 Kxd6 51. g7 Kc5 52. g8=Q Kb4 53. Qe8 b5 54. Qxb5# { Black
checkmated } 1-0

[Event "ICC tourney 2349 (60 10)"]
[Site "Internet Chess Club"]
[Date "2021.01.30"]
[Round "2"]
[White "pvnieuwe"]
[Black "syunmaximus"]
[Result "1-0"]
[ICCResult "Black checkmated"]
[WhiteElo "1496"]
[BlackElo "1112"]
[Opening "Ruy Lopez: old Steinitz defense"]
[ECO "C62"]
[NIC "RL.02"]
[Time "13:00:59"]
[PlyCount "71"]
[TimeControl "3600+10"]

1. e4 e5 2. Nf3 Nc6 3. Bb5 d6 4. d3 Bg4 5. c3 Nf6 6. Nbd2 Be7 7. Nf1 O-O 8.
Ng3 a6 9. Ba4 b5 10. Bc2 a5 11. h3 Bh5 12. Nxh5 Nxh5 13. Nxe5 Nxe5 14. Qxh5
Ng6 15. Qxb5 Bh4 16. g3 Bf6 17. f4 Re8 18. g4 d5 19. g5 Be7 20. h4 Bd6 21.
f5 Nf4 22. Kf2 dxe4 23. dxe4 Qe7 24. Qc4 Bc5+ 25. Kf3 Nh5 26. Re1 Qd6 27.
e5 Qc6+ 28. Be4 Qb6 29. Bxa8 Rxa8 30. Qd5 Re8 31. e6 fxe6 32. Rxe6 Rxe6 33.
fxe6 g6 34. e7+ Kg7 35. e8=Q Nf6 36. Qdf7# { Black checkmated } 1-0

[Event "ICC tourney 2349 (60 10)"]
[Site "Internet Chess Club"]
[Date "2021.01.30"]
[Round "2"]
[White "PlayfulDolphin"]
[Black "atharvamchess"]
[Result "1/2-1/2"]
[ICCResult "Game drawn by repetition"]
[WhiteElo "1100"]
[BlackElo "1476"]
[Opening "Scotch gambit"]
[ECO "C44"]
[NIC "SO.06"]
[Time "13:00:47"]
[PlyCount "79"]
[TimeControl "3600+10"]

1. e4 e5 2. Nf3 Nc6 3. d4 exd4 4. Bc4 h6 5. Nxd4 Nf6 6. Nxc6 dxc6 7. Bxf7+
Kxf7 8. Qxd8 Bb4+ 9. Qd2 Bxd2+ 10. Nxd2 Re8 11. f3 g5 12. Kf2 Be6 13. Nb3
Bxb3 14. axb3 a6 15. h4 Kg6 16. Be3 Rf8 17. hxg5 hxg5 18. Rad1 Nxe4+ 19.
Ke1 Ng3 20. Rh3 Rfe8 21. Rxg3 Rxe3+ 22. Kf2 Re7 23. f4 Kf5 24. fxg5 Rg8 25.
Rf3+ Kg6 26. Rfd3 Rf8+ 27. Kg1 Kxg5 28. Rg3+ Kh6 29. Rd4 Rf5 30. Rh4+ Rh5
31. Rxh5+ Kxh5 32. Kf2 Rf7+ 33. Rf3 Rd7 34. Ke3 Re7+ 35. Kf4 Re2 36. Kf5
Kh6 37. Kf6 Kh5 38. Kf5 Kh6 39. Kf6 Kh5 40. Kf5 { Game drawn by repetition
} 1/2-1/2

[Event "ICC tourney 2349 (60 10)"]
[Site "Internet Chess Club"]
[Date "2021.01.30"]
[Round "2"]
[White "aritroc"]
[Black "rcww2020"]
[Result "1/2-1/2"]
[ICCResult "Game drawn by mutual agreement"]
[WhiteElo "1917"]
[BlackElo "1674"]
[Opening "Semi-Benoni (`blockade variation')"]
[ECO "A44"]
[NIC "OI.09"]
[Time "13:00:42"]
[PlyCount "71"]
[TimeControl "3600+10"]

1. d4 c5 2. d5 e5 3. e4 d6 4. c4 g6 5. Nc3 Ne7 6. g3 Bg7 7. Bg2 O-O 8. Nge2
a6 9. a4 f5 10. O-O Nd7 11. f4 Nb6 12. Qb3 Rb8 13. Bd2 Bd7 14. fxe5 Bxe5
15. Bf4 Bxf4 16. Nxf4 Nbc8 17. Rfe1 fxe4 18. Nxe4 Nf5 19. Qc3 Nd4 20. Rad1
Bf5 21. b4 b6 22. a5 Bxe4 23. Rxe4 Re8 24. Rxe8+ Qxe8 25. Re1 Qf7 26. axb6
Nxb6 27. bxc5 dxc5 28. Bh3 Qg7 29. d6 g5 30. Re7 Qf6 31. Qd3 gxf4 32. Qxh7+
Kf8 33. Rf7+ Qxf7 34. Qh8+ Qg8 35. Qf6+ Qf7 36. Qh8+ { Game drawn by mutual
agreement } 1/2-1/2

[Event "ICC tourney 2349 (60 10)"]
[Site "Internet Chess Club"]
[Date "2021.01.30"]
[Round "2"]
[White "TheChessKid90"]
[Black "Christopher166"]
[Result "0-1"]
[ICCResult "White resigns"]
[WhiteElo "1210"]
[BlackElo "1872"]
[Opening "QGD: Chigorin defense"]
[ECO "D07"]
[NIC "QP.08"]
[Time "13:01:38"]
[PlyCount "122"]
[TimeControl "3600+10"]

1. d4 d5 2. c4 Nc6 3. cxd5 Qxd5 4. Nf3 e5 5. Nc3 Bb4 6. dxe5 Qxd1+ 7. Kxd1
Bg4 8. Bd2 O-O-O 9. Ke1 Nge7 10. Ne4 Bxd2+ 11. Nfxd2 Nxe5 12. h3 Bf5 13. g4
Bg6 14. f4 Bxe4 15. Nxe4 Nc4 16. Ng5 Rdf8 17. b3 Ne3 18. Kf2 Nxf1 19. Rhxf1
h6 20. Nf3 Nd5 21. Kg3 Re8 22. Nd4 Re3+ 23. Rf3 Rhe8 24. Rc1 g6 25. Nb5 Kb8
26. Nd4 c6 27. Kf2 Rxf3+ 28. Kxf3 Re3+ 29. Kf2 Rxh3 30. f5 Nf6 31. Rg1 Ne4+
32. Ke1 Rg3 33. Rxg3 Nxg3 34. fxg6 fxg6 35. Ne6 Ne4 36. Nf4 g5 37. Nh5 Kc7
38. e3 Kd6 39. Ng7 Ke5 40. Nf5 h5 41. Nh6 h4 42. Kf1 c5 43. Kg2 b5 44. Nf5
c4 45. bxc4 bxc4 46. Ne7 c3 47. Nc6+ Kd5 48. Nd4 Kc4 49. Kf3 Kd3 50. a3 Nf6
51. a4 c2 52. Nxc2 Kxc2 53. a5 Kd3 54. a6 h3 55. Kg3 Kxe3 56. Kxh3 Kf4 57.
Kg2 Kxg4 58. Kf2 Kh3 59. Kg1 g4 60. Kh1 g3 61. Kg1 g2 { White resigns } 0-1

[Event "ICC tourney 2349 (60 10)"]
[Site "Internet Chess Club"]
[Date "2021.01.30"]
[Round "2"]
[White "Saga44"]
[Black "Harveyli318"]
[Result "0-1"]
[ICCResult "White resigns"]
[WhiteElo "974"]
[BlackElo "1704"]
[Opening "Scandinavian defense"]
[ECO "B01"]
[NIC "SD.03"]
[Time "13:00:58"]
[PlyCount "102"]
[TimeControl "3600+10"]

1. e4 d5 2. exd5 Nf6 3. Nf3 Bg4 4. d4 Qxd5 5. Be2 Nc6 6. Nc3 Qf5 7. Be3
O-O-O 8. h3 Bxf3 9. Bxf3 Nb4 10. Rc1 e5 11. a3 exd4 12. Bxd4 Bc5 13. axb4
Bxd4 14. Qd2 Rhe8+ 15. Kf1 h5 16. Re1 Rxe1+ 17. Qxe1 Qxc2 18. Qe2 Qc1+ 19.
Qe1 Qxb2 20. Ne2 Re8 21. Qd1 Bb6 22. g4 hxg4 23. Bxg4+ Nxg4 24. hxg4 Qf6
25. Rh2 Rd8 26. Qc2 Qd6 27. Qf5+ Kb8 28. Kg2 Qc6+ 29. Qf3 Qxf3+ 30. Kxf3 c6
31. Rh7 Rg8 32. Nf4 g5 33. Nh5 f6 34. Rf7 Bd8 35. Nxf6 Bxf6 36. Rxf6 Kc7
37. Ke4 Kb6 38. f4 gxf4 39. Kxf4 Kb5 40. g5 Kxb4 41. g6 c5 42. Kg5 a5 43.
Rb6+ Ka4 44. Rxb7 c4 45. g7 c3 46. Kh6 c2 47. Kh7 Rxg7+ 48. Rxg7 c1=Q 49.
Rg4+ Kb3 50. Rg3+ Kb2 51. Rg2+ Kb1 { White resigns } 0-1

[Event "ICC tourney 2349 (60 10)"]
[Site "Internet Chess Club"]
[Date "2021.01.30"]
[Round "2"]
[White "edmehu"]
[Black "kaleblancman"]
[Result "1-0"]
[ICCResult "Black resigns"]
[WhiteElo "2212"]
[BlackElo "1825"]
[Opening "Caro-Kann: advance variation"]
[ECO "B12"]
[NIC "CK.04"]
[Time "13:01:34"]
[PlyCount "61"]
[TimeControl "3600+10"]

1. e4 c6 2. d4 d5 3. e5 Bf5 4. Nf3 e6 5. Be2 Nd7 6. O-O Ne7 7. Nbd2 h6 8.
Ne1 Bh7 9. f4 Nf5 10. Ndf3 h5 11. c3 Qb6 12. a4 Be7 13. a5 Qc7 14. b4 b6
15. axb6 Nxb6 16. Ra6 Bg6 17. Nd3 h4 18. Nc5 h3 19. g4 Nh6 20. Ng5 O-O 21.
Ngxe6 fxe6 22. Nxe6 Qd7 23. Nxf8 Rxf8 24. f5 Bh7 25. Bxh6 gxh6 26. f6 Bd8
27. Qd2 Qe8 28. Rxa7 Rf7 29. Rxf7 Qxf7 30. Qxh6 Qg6 31. f7+ { Black resigns
} 1-0

[Event "ICC tourney 2349 (60 10)"]
[Site "Internet Chess Club"]
[Date "2021.01.30"]
[Round "2"]
[White "sylviem"]
[Black "kellen50158"]
[Result "1-0"]
[ICCResult "Black resigns"]
[WhiteElo "1519"]
[BlackElo "1288"]
[Opening "QGD: 4.Nf3"]
[ECO "D37"]
[NIC "QP.08"]
[Time "13:01:15"]
[PlyCount "79"]
[TimeControl "3600+10"]

1. d4 d5 2. Nf3 Nf6 3. c4 e6 4. Nc3 Nbd7 5. g3 b6 6. Bg2 Bb7 7. O-O Be7 8.
cxd5 exd5 9. Bf4 O-O 10. Rc1 c5 11. dxc5 Nxc5 12. Nb5 Qd7 13. Nc3 Rac8 14.
Ne5 Qe6 15. Nd3 Rfd8 16. Nb4 h6 17. Qd4 a5 18. Nd3 Bd6 19. Bxd6 Qxd6 20.
Rfd1 Ne6 21. Qe5 Qxe5 22. Nxe5 Nc5 23. Nd3 Rc7 24. Na4 Rdc8 25. Nxb6 Nxd3
26. Rxc7 Rxc7 27. exd3 Rc2 28. Rb1 Rd2 29. Na4 Nd7 30. Rc1 Rxd3 31. Rc7
Rd1+ 32. Bf1 Ba6 33. Rxd7 Rxf1+ 34. Kg2 Rg1+ 35. Kxg1 Bc4 36. Nc3 Kf8 37.
Nxd5 Bxd5 38. Rxd5 Ke7 39. Rxa5 Kd6 40. b4 { Black resigns } 1-0

[Event "ICC tourney 2349 (60 10)"]
[Site "Internet Chess Club"]
[Date "2021.01.30"]
[Round "2"]
[White "upcomingmaster"]
[Black "K624"]
[Result "0-1"]
[ICCResult "White resigns"]
[WhiteElo "1654"]
[BlackElo "1378"]
[Opening "King's Indian: London system"]
[ECO "A45"]
[NIC "QP.03"]
[Time "13:00:57"]
[PlyCount "168"]
[TimeControl "3600+10"]

1. d4 Nf6 2. Bf4 g6 3. Nf3 Bg7 4. e3 O-O 5. Be2 d6 6. c4 Nc6 7. Nc3 Ne8 8.
O-O Bd7 9. Qd2 e5 10. Bg3 exd4 11. Nxd4 Ne7 12. Rad1 Nf5 13. Nxf5 Bxf5 14.
c5 Rc8 15. cxd6 cxd6 16. e4 Be6 17. Nb5 Qb6 18. b3 a6 19. Nxd6 Nxd6 20.
Qxd6 Qa5 21. Qd2 Qb6 22. Rc1 Rcd8 23. Qf4 Qa5 24. Rc2 Rc8 25. Bc4 Bxc4 26.
bxc4 Qa4 27. Rfc1 Rfd8 28. h3 Re8 29. Qe3 Qa5 30. c5 h5 31. Bd6 Qa4 32. e5
Kh7 33. f4 Bh6 34. g3 Qc6 35. Qd3 Qd7 36. Kg2 Qc6+ 37. Qf3 Qd7 38. Rc4 Qb5
39. R1c2 Qd7 40. c6 bxc6 41. Rxc6 Ra8 42. Rc7 Qe6 43. Qb7 Kg8 44. Qb3 Qf5
45. Qd5 Bf8 46. Qc6 Qd3 47. Qd7 Qd5+ 48. Kh2 Red8 49. Qc6 Qe6 50. Bxf8 Qxc6
51. R7xc6 Rxf8 52. h4 Rfe8 53. Rf6 Kg7 54. Rcc6 a5 55. Ra6 Rab8 56. Rxa5
Rb2+ 57. Kh3 Rc8 58. Ra7 Rc1 59. Rfxf7+ Kg8 60. Rg7+ Kf8 61. Rgf7+ Ke8 62.
Rfe7+ Kd8 63. Red7+ Kc8 64. Rdc7+ Rxc7 65. Rxc7+ Kxc7 66. a4 Ra2 67. a5
Rxa5 68. e6 Ra6 69. e7 Kd7 70. Kg2 Kxe7 71. Kf3 Kf6 72. Ke4 Ra4+ 73. Kf3
Ra3+ 74. Kg2 Kf5 75. Kh3 Ra2 76. g4+ hxg4+ 77. Kg3 Ra3+ 78. Kg2 Ra8 79. Kg3
Rh8 80. Kg2 Rxh4 81. Kg3 Rh3+ 82. Kg2 Kxf4 83. Kf2 Rf3+ 84. Kg1 Ra3 { White
resigns } 0-1

[Event "ICC tourney 2349 (60 10)"]
[Site "Internet Chess Club"]
[Date "2021.01.30"]
[Round "2"]
[White "RohanKrishna"]
[Black "guineapig25"]
[Result "0-1"]
[ICCResult "White checkmated"]
[WhiteElo "1703"]
[BlackElo "2044"]
[Opening "Sicilian"]
[ECO "B56"]
[NIC "SI.25"]
[Time "13:00:53"]
[PlyCount "114"]
[TimeControl "3600+10"]

1. e4 c5 2. Nf3 d6 3. d4 cxd4 4. Nxd4 Nf6 5. Nc3 Nc6 6. Be3 Ng4 7. Bc1 Qb6
8. f3 Qxd4 9. fxg4 Qxd1+ 10. Nxd1 Bxg4 11. Ne3 Be6 12. Bd2 O-O-O 13. O-O-O
Ne5 14. Be2 g6 15. Ba5 b6 16. Ba6+ Kb8 17. Bc3 Bh6 18. Bd2 Bc8 19. Bxc8
Rxc8 20. Nd5 Bxd2+ 21. Rxd2 Rhe8 22. Rf1 h5 23. Nc3 Rc6 24. Nb5 a6 25. Nd4
Rc7 26. Nf3 Nxf3 27. Rxf3 f6 28. c3 Rc5 29. Rd5 Kc7 30. b3 g5 31. Kd2 Kd7
32. c4 Rf8 33. h3 e6 34. Rxc5 bxc5 35. Ke3 f5 36. g3 Ke7 37. h4 gxh4 38.
gxh4 fxe4 39. Rg3 Rf3+ 40. Rxf3 exf3 41. Kxf3 Kf6 42. Kf4 d5 43. cxd5 exd5
44. Ke3 Ke5 45. Kd3 a5 46. Ke3 Kf5 47. Kf3 d4 48. Kf2 Ke4 49. Ke2 d3+ 50.
Kd2 Kd4 51. a3 Ke4 52. Kd1 Ke3 53. Ke1 d2+ 54. Kd1 Kd3 55. b4 c4 56. b5 c3
57. b6 c2# { White checkmated } 0-1

[Event "ICC tourney 2349 (60 10)"]
[Site "Internet Chess Club"]
[Date "2021.01.30"]
[Round "2"]
[White "madscience08"]
[Black "SAsameer"]
[Result "1-0"]
[ICCResult "Black resigns"]
[WhiteElo "1604"]
[BlackElo "1393"]
[Opening "Scandinavian defense"]
[ECO "B01"]
[NIC "SD.03"]
[Time "13:01:04"]
[PlyCount "105"]
[TimeControl "3600+10"]

1. e4 d5 2. exd5 Nf6 3. Nc3 Nxd5 4. Nxd5 Qxd5 5. Nf3 Nc6 6. d3 Bg4 7. Be2
e6 8. Bf4 O-O-O 9. O-O Bd6 10. Bxd6 Qxd6 11. Ng5 Bxe2 12. Qxe2 Qf4 13. Qe3
Qf6 14. c3 h6 15. Ne4 Qf5 16. d4 g5 17. Ng3 Qg6 18. Rfd1 f5 19. f4 gxf4 20.
Qxf4 Ne7 21. Re1 Rhe8 22. c4 Qf6 23. Rad1 Ng6 24. Nh5 Qf8 25. Qg3 Qf7 26.
b4 e5 27. dxe5 Rxd1 28. Rxd1 Nxe5 29. Ng7 Rg8 30. Qxe5 Rxg7 31. Qd4 Qd7 32.
Qxd7+ Rxd7 33. Rxd7 Kxd7 34. Kf2 Ke6 35. Ke3 Ke5 36. g3 c6 37. a4 a6 38. a5
h5 39. h4 Kd6 40. Kd4 Ke6 41. Kc5 Ke5 42. Kb6 f4 43. gxf4+ Kxf4 44. Kxb7
Kg4 45. Kxc6 Kxh4 46. b5 axb5 47. cxb5 Kg4 48. b6 h4 49. b7 h3 50. b8=Q h2
51. Qh8 Kg3 52. Qxh2+ Kxh2 53. a6 { Black resigns } 1-0

[Event "ICC tourney 2349 (60 10)"]
[Site "Internet Chess Club"]
[Date "2021.01.30"]
[Round "2"]
[White "nicochasin"]
[Black "nikhilthota"]
[Result "1-0"]
[ICCResult "Black resigns"]
[WhiteElo "2432"]
[BlackElo "1844"]
[Opening "Ruy Lopez: exchange variation"]
[ECO "C68"]
[NIC "RL.08"]
[Time "13:01:18"]
[PlyCount "126"]
[TimeControl "3600+10"]

1. e4 e5 2. Nf3 Nc6 3. Bb5 a6 4. Bxc6 dxc6 5. d4 exd4 6. Qxd4 Qxd4 7. Nxd4
Bd6 8. f4 Ne7 9. Be3 O-O 10. Nd2 Bd7 11. Nc4 Bc5 12. Ne5 Rad8 13. O-O-O f6
14. Nxd7 Rxd7 15. Rd3 Rfd8 16. Rhd1 Kf7 17. Bg1 b6 18. Nf3 Rxd3 19. cxd3
Bxg1 20. Nxg1 c5 21. Nf3 Nc6 22. a3 Nd4 23. f5 Nxf3 24. gxf3 g5 25. Kc2 Rd4
26. Kc3 a5 27. h4 h6 28. Rh1 Kg7 29. b3 b5 30. hxg5 fxg5 31. f4 gxf4 32.
Rh4 f3 33. Rf4 Rd6 34. Rxf3 Kf6 35. Rg3 Ke5 36. Rg7 Rc6 37. Rg8 Ra6 38. a4
bxa4 39. bxa4 Rb6 40. Kc4 Rc6 41. Rg7 h5 42. Rh7 Rd6 43. Rxh5 Rd4+ 44. Kc3
Rxa4 45. Rh6 Rd4 46. Re6+ Kf4 47. f6 Rd8 48. f7 Rf8 49. e5 Kg5 50. Re7 Kg6
51. e6 Kg7 52. Re8 a4 53. Rxf8 Kxf8 54. Kb2 Ke7 55. Ka3 Kxe6 56. f8=Q Kd5
57. Qf4 c6 58. Qe4+ Kd6 59. Kxa4 Kc7 60. Kb3 Kb6 61. Kc4 Ka6 62. Kxc5 Ka5
63. Kxc6 Ka6 { Black resigns } 1-0